 Dungeon Crawl Stone Soup version 0.32-a0-886-g41c5271027 (webtiles) character file.

Game seed: 10617850706368436709

49914 ragingrage the Carver (level 14, -23/106 HPs)
             Began as a Demonspawn Reaver on Apr 3, 2024.
             Was an Elder of Nemelex Xobeh.
             Killed from afar by a kobold blastminer (36 damage)
             ... with an iron shot
             ... on level 1 of the Orcish Mines.
             The game lasted 00:29:36 (24126 turns).

ragingrage the Carver (Demonspawn Reaver)          Turns: 24126, Time: 00:29:37

Health: -23/106    AC: 13    Str: 14    XL:     14   Next: 17%
Magic:  21/23      EV: 19    Int: 15    God:    Nemelex Xobeh [****..]
Gold:   1543       SH:  0    Dex: 11    Spells: 11/17 levels left

rFire   . . .        a - +1 scimitar (flame)
rCold   . . .        (no shield)
rNeg    + + .        H - +1 leather armour of the Beggar {Slay+3}
rPois   .            (helmet restricted)
rElec   .            e - +0 cloak
rCorr   .            f - +0 pair of gloves
SInv    .            (no boots)
Will    .....        J - amulet of Wumaipso {Acrobat rN++ Int+2 Dex-5 Stlth+}
Stlth   ++++         N - +5 ring of evasion
HPRegen 0.37/turn    C - +4 ring of protection
MPRegen 0.18/turn

%: acrobat
@: weak-willed, jinxed, wreathed by umbra
A: horns 2, yellow scales 1, foul stench 2, foul shadow 2, wild magic 1
a: Renounce Religion, Draw Escape, Draw Destruction, Draw Summoning, Triple
Draw, Deal Four


You were on level 1 of the Orcish Mines.
You worshipped Nemelex Xobeh.
Nemelex Xobeh was greatly pleased with you.
You visited 4 branches of the dungeon, and saw 18 of its levels.
You also visited: Ossuary.

You collected 1543 gold pieces.

Inventory:

Hand Weapons
 a - a +1 scimitar of flaming (weapon)
 b - a +2 sling of draining
 c - a +0 great sword of electrocution
 Q - a +1 short sword of distortion
 X - a +0 demon whip of venom
Missiles
 q - 8 poisoned darts (quivered)
 y - 6 curare-tipped darts
Armour
 e - a +0 cloak (worn)
 f - a +0 pair of gloves (worn)
 j - a +0 scale mail of poison resistance
 H - the +1 leather armour of the Beggar (worn) {Slay+3}
   (You found it on level 9 of the Dungeon)

   Slay+3:    It affects your accuracy & damage with ranged weapons and melee
   (+3).
 P - a +1 robe of cold resistance
 W - a +2 leather armour of fire resistance
Jewellery
 g - a +6 ring of dexterity
 C - a +4 ring of protection (right hand)
 I - a ring of flight
 J - the amulet of Wumaipso (around neck) {Acrobat rN++ Int+2 Dex-5 Stlth+}
   (You found it on level 10 of the Dungeon)

   [amulet of the acrobat]

   Acrobat:   It increases your evasion while moving and waiting.
   Int+2:     It affects your intelligence (+2).
   Dex-5:     It affects your dexterity (-5).
   rN++:      It greatly protects you from negative energy.
   Stlth+:    It makes you more stealthy.
 N - a +5 ring of evasion (left hand)
 O - a ring of ice
 R - a ring of see invisible
Wands
 i - a wand of polymorph (13)
 p - a wand of roots (1)
 F - a wand of digging (8)
 G - a wand of flame (20)
 U - a wand of paralysis (5)
Scrolls
 d - 4 scrolls of teleportation
 k - 2 scrolls of blinking
 l - 2 scrolls of vulnerability
 m - 4 scrolls of poison
 o - 7 scrolls of fear
 t - a scroll of summoning {unknown}
 v - 5 scrolls of revelation
 w - 2 scrolls of fog
 x - a scroll of brand weapon {unknown}
 B - 2 scrolls of enchant weapon
 E - 2 scrolls of immolation {unknown}
 L - 2 scrolls of torment
 Y - 3 scrolls of amnesia
Potions
 h - 2 potions of berserk rage
 n - 4 potions of invisibility
 r - a potion of ambrosia {unknown}
 s - 5 potions of enlightenment
 u - 3 potions of mutation
 z - 4 potions of curing {unknown}
 A - 3 potions of attraction
 D - 2 potions of magic
 M - a potion of lignification
 S - a potion of cancellation {unknown}
 T - 2 potions of might {unknown}
 V - 3 potions of heal wounds
Miscellaneous
 K - a sack of spiders (inert)


   Skills:
 + Level 8.9 Fighting
 - Level 14.0 Long Blades
 - Level 5.5 Armour
 + Level 9.4 Dodging
 + Level 3.3 Stealth
 - Level 2.0 Spellcasting
 - Level 3.0 Conjurations
 - Level 6.0 Hexes
 - Level 7.0 Necromancy
 + Level 12.1 Invocations
 - Level 5.0 Evocations


You had 11 spell levels left.
You knew the following spells:

 Your Spells              Type           Power      Damage    Failure   Level
a - Jinxbite              Hex            50%        N/A       6%          2
b - Fugue of the Fallen   Necr           29%        N/A       8%          3
c - Kiss of Death         Conj/Necr      84%        2d11      6%          1

Your spell library contained the following spells:

 Spells                   Type           Power      Damage    Failure   Level
 Sigil of Binding         Hex            25%        N/A       11%         3
 Ensorcelled Hibernation  Hex/Ice        26%        N/A       17%         2
 Cigotuvi's Dreadful Rot  Necr/Alch/Air  22%        N/A       22%         2
 Dispel Undead            Necr           29%        3d13      22%         4
 Anguish                  Hex/Necr       13%        N/A       26%         4
 Momentum Strike          Conj/Tloc      14%        3d8       30%         2
 Cause Fear               Hex            12%        N/A       30%         4
 Sandblast                Erth           2%         2d4       34%         1
 Mercury Vapours          Alch/Air       2%         N/A       47%         2
 Hailstorm                Conj/Ice       7%         3d5       50%         3
 Stone Arrow              Conj/Erth      14%        3d7       50%         3
 Mephitic Cloud           Conj/Alch/Air  5%         N/A       56%         3
 Martyr's Knell           Necr/Summ      15%        N/A       63%         4
 Brom's Barrelling Bould  Conj/Erth      7%         2d3       87%         4
 Yara's Violent Unravell  Hex/Alch       6%         3d5       95%         5
 Death Channel            Necr           14%        N/A       96%         6
 Fireball                 Conj/Fire      3%         3d4       99%         5
 Freezing Cloud           Conj/Ice/Air   2%         6-21      99%         5
 Sculpt Simulacrum        Ice/Alch       0%         N/A       100%        6
 Enfeeble                 Hex            12%        N/A       100%        7
 Dragon's Call            Summ           0%         N/A       100%        9


Dungeon Overview and Level Annotations

Branches:
Dungeon (11/15)            Temple (1/1) D:6            Lair (5/5) D:9
 Spider (0/4) Lair:2        Slime (0/5) Lair:4          Orc (1/2) D:9
Ossuary (visited)
  Swamp: Lair:2-3    Shoals: Lair:2-3

Altars:
Ashenzari
Cheibriados
Dithmenos
Fedhas
Gozag
Hepliaklqana
Kikubaaqudgha
Makhleb
Nemelex Xobeh
Okawaru
Qazlal
Ru
Sif Muna
Trog
Uskayaw
Vehumet
Wu Jian
Xom
Yredelemnul
Beogh
Jiyva

Portals:
Hell: Lair:5

Annotations:
D:2 Sigmund
D:5 Pikel
D:9 exclusion: downstairs
D:10 exclusions: downstairs and shadow
D:11 Snorg
Lair:5 2 transporters, Bediveer's ghost, journeyman NaFi


Innate Abilities, Weirdness & Mutations

You have a pair of horns on your head.
You are partially covered in yellow scales. (AC +2)
You sometimes emit foul miasma when damaged in melee.
You are shadowed, sometimes releasing foul flame when damaged in melee.
Your spells are a little harder to cast, but a little more powerful.


Message History

The orc warrior wields a +0 orcbow.
The orc warrior shoots an arrow.
The arrow closely misses you.
The kobold blastminer shoots an arrow.
The arrow barely misses you.
There is a staircase back to the Dungeon, spattered with blood here.
Unknown command.
Casting: Jinxbite (safe; 6% risk of failure)
You beckon some vexing sprites to accompany your attacks.
You feel your willpower being sapped.
The orc warrior shouts!
The orc knight shoots a bolt.
The bolt hits you! The bolt freezes you.
The orc warrior shoots an arrow.
The arrow barely misses you.
The kobold blastminer shoots an arrow.
The arrow hits you but does no damage.
You hear a shout! x4
You draw a card...
You have drawn Vitriol.
Press: ? - help, Shift-Dir - straight line, f - kobold blastminer
Aim: a kobold blastminer, wielding a +0 orcbow (chance to call a sprite on attack: 56%)
The bolt of acid hits the kobold blastminer!!
The orc knight shoots a bolt.
The bolt completely misses you.
The orc warrior shoots an arrow.
The arrow hits you but does no damage.
The kobold blastminer blasts its cannon at you.
The iron shot hits you!!
You draw a card...
You have drawn the Orb.
Press: ? - help, Shift-Dir - straight line, f/p - kobold blastminer
Aim: a kobold blastminer, wielding a +0 orcbow (severely wounded, chance to call a sprite on attack: 56%)
Your orb of destruction hits a rock wall. x2
An orc comes into view. It is wielding a +0 falchion.
The orc knight shoots a bolt.
The bolt hits you!! The bolt freezes you!
* * * LOW HITPOINT WARNING * * *
Your orb of destruction hits a rock wall. x2
The orc knight shoots a bolt.
The bolt hits you!
* * * LOW HITPOINT WARNING * * *
The bolt freezes you.
* * * LOW HITPOINT WARNING * * *
The orc warrior shoots an arrow.
The arrow barely misses you.
The kobold blastminer blasts its cannon at you.
The iron shot hits you!!!
You die...
Your body glows with a rainbow of weird colours and disappears.

#### ####°@###
##....○..##
##....#o...##
##..o.##..o..##
#..oK####.....#
##.#..###....##
###...#...###
#.#)o...#
####...##


You could see an orc knight, a kobold blastminer, 2 orc warriors and an orc.

Vanquished Creatures
  A dire elephant (Lair:5)
  4 hydras
  A centaur warrior (D:10)
  Erica (Lair:2)
  3 two-headed ogres
  4 death yaks
  Amaemon (D:7)
  A skeletal warrior (D:10)
  A sixfirhy (Lair:5)
  An orc knight (D:9)
  A steelbarb worm (Lair:4)
  An ugly thing (D:10)
  A cyclops (D:10)
  A kobold blastminer (Orc:1)
  Joseph (D:8)
  3 elephants
  6 black mambas
  3 orange demons
  4 torpor snails (Lair:3)
  14 cane toads
  5 rime drakes
  4 komodo dragons
  3 ice devils (Lair:5)
  2 polar bears
  A jumping spider (Lair:2)
  19 blink frogs
  A vampire (D:10)
  A spriggan (Lair:1)
  A wyvern (shapeshifter) (D:10)
  6 wyverns
  34 yaks
  A human (Lair:1)
  4 steam dragons
  A redback (Lair:2)
  4 vampire mosquitoes (D:10)
  A warg (D:9)
  6 hell hounds
  15 water moccasins
  An ice beast (D:4)
  A sky beast (D:8)
  A swamp drake (Lair:4)
  A black bear (Lair:4)
  5 ogres
  5 orc warriors
  21 wolves
  3 centaurs (D:10)
  A lemure (D:4)
  2 kobold brigands
  16 bullfrogs
  2 weeping skulls (Ossuary)
  2 scorpions
  3 wights (D:6)
  8 killer bees
  4 howler monkeys
  A centaur zombie (Ossuary)
  2 bombardier beetles
  5 orc priests
  3 hounds
  2 jellies
  3 gnoll boudas
  2 sleepcaps
  Terence (D:2)
  4 iguanas
  3 orc wizards (D:9)
  4 hell rats
  6 mummies
  Robin (D:4)
  3 gnolls (D:4)
  5 adders
  A shadow imp (D:8)
  A dart slug (D:3)
  4 ribbon worms
  30 orcs
  7 bats
  11 endoplasms
  3 giant cockroaches (D:1)
  2 gnoll zombies (Ossuary)
  16 goblins
  10 hobgoblins
  2 jackals (D:1)
  5 quokkas
  7 ball pythons
  4 frilled lizards
  A hobgoblin zombie (D:4)
  12 kobolds
  6 kobold zombies
  9 rats
414 creatures vanquished.

Vanquished Creatures (collateral kills)
  A dire elephant (Lair:5)
  4 death yaks
  An orb spider (Lair:4)
  An arcanist (Lair:5)
  An orc knight (D:9)
  An elephant (Lair:5)
  A smoke demon (Lair:5)
  A cane toad (Lair:5)
  2 howler monkeys (D:10)
13 creatures vanquished.

Vanquished Creatures (others)
  An orc (Orc:1)
1 creature vanquished.

Grand Total: 428 creatures vanquished

Notes
Turn   | Place    | Note
-------+----------+-------------------------------------------
     0 | D:1      | ragingrage the Demonspawn Reaver began the quest for the
                  | Orb.
     0 | D:1      | Reached XP level 1. HP: 16/16 MP: 3/3
   111 | D:1      | Reached skill level 1 in Necromancy
   133 | D:1      | Reached skill level 3 in Long Blades
   133 | D:1      | Gained mutation: You may rarely emit foul miasma when
                  | damaged in melee. [demonic ancestry]
   133 | D:1      | Reached XP level 2. HP: 20/22 MP: 5/5
   268 | D:1      | Learned a level 2 spell: Jinxbite
   621 | D:1      | Gained mutation: You have a pair of small horns on your
                  | head. [demonic ancestry]
   621 | D:1      | Reached XP level 3. HP: 27/27 MP: 6/6
   645 | D:1      | Found a faded altar of an unknown god.
   857 | D:2      | Noticed Terence
   951 | D:2      | Killed Terence
   952 | D:2      | Reached skill level 1 in Stealth
   952 | D:2      | Reached skill level 1 in Hexes
  1028 | D:2      | Reached XP level 4. HP: 33/33 MP: 7/7
  1621 | D:2      | Noticed Sigmund
  2515 | D:4      | Noticed Robin
  2533 | D:4      | Killed Robin
  2534 | D:4      | Reached XP level 5. HP: 32/38 MP: 8/8
  2603 | D:4      | Found a sand-covered staircase.
  2613 | D:4      | Reached skill level 4 in Long Blades
  2655 | Ossuary  | Entered an ossuary
  2793 | Ossuary  | Reached XP level 6. HP: 17/44 MP: 9/9
  3615 | D:4      | Noticed an ice beast
  3630 | D:4      | Reached skill level 5 in Long Blades
  3634 | D:4      | Killed an ice beast
  3635 | D:4      | Gained mutation: You have a pair of horns on your head.
                  | [demonic ancestry]
  3635 | D:4      | Reached XP level 7. HP: 25/50 MP: 10/10
  4220 | D:4      | Reached skill level 1 in Armour
  4253 | D:4      | Reached skill level 6 in Long Blades
  4492 | D:5      | Entered Level 5 of the Dungeon
  4875 | D:5      | Noticed Pikel
  5696 | D:6      | Gained mutation: You sometimes emit foul miasma when
                  | damaged in melee. [demonic ancestry]
  5696 | D:6      | Reached XP level 8. HP: 53/57 MP: 3/11
  5967 | D:6      | Reached skill level 7 in Long Blades
  6139 | D:6      | Gained mutation: Your spells are a little harder to cast,
                  | but a little more powerful. [potion of mutation]
  6505 | D:6      | Found a staircase to the Ecumenical Temple.
  6511 | Temple   | Entered the Ecumenical Temple
  6521 | Temple   | Became a worshipper of Nemelex Xobeh the Trickster
  6773 | D:7      | Reached skill level 8 in Long Blades
  6932 | D:7      | Reached skill level 5 in Hexes
  7165 | D:7      | Reached skill level 9 in Long Blades
  7165 | D:7      | Reached XP level 9. HP: 43/63 MP: 6/12
  7389 | D:7      | Learned a level 3 spell: Fugue of the Fallen
  7482 | D:7      | Reached * piety under Nemelex Xobeh
  8140 | D:8      | Noticed a two-headed ogre
  8164 | D:8      | Killed a two-headed ogre
  8165 | D:8      | Reached skill level 10 in Long Blades
  8283 | D:8      | Noticed Amaemon
  8285 | D:8      | Noticed an orange demon
  8352 | D:7      | Killed Amaemon
  8574 | D:8      | Killed an orange demon
  8575 | D:8      | Reached skill level 11 in Long Blades
  8757 | D:8      | Reached XP level 10. HP: 47/70 MP: 10/13
  9003 | D:8      | Received a gift from Nemelex Xobeh
  9014 | D:8      | Noticed Joseph
  9015 | D:8      | Reached skill level 1 in Invocations
  9388 | D:8      | Reached skill level 12 in Long Blades
  9941 | D:9      | Found a roughly hewn altar of Beogh.
  9941 | D:9      | Found a staircase to the Orcish Mines.
  9953 | D:9      | Learned a level 4 spell: Anguish
 10012 | D:9      | Found a staircase to the Lair.
 10398 | D:9      | Found a radiant altar of Vehumet.
 10811 | D:9      | Identified the +1 leather armour of the Beggar {Slay+3}
 10844 | D:9      | Found an ancient bone altar of Kikubaaqudgha.
 11005 | D:10     | Entered Level 10 of the Dungeon
 11005 | D:10     | Noticed a two-headed ogre
 11012 | D:10     | Killed a two-headed ogre
 11013 | D:10     | Reached skill level 5 in Invocations
 11076 | D:10     | Reached skill level 13 in Long Blades
 11083 | D:10     | Gained mutation: You are partially covered in yellow
                  | scales. (AC +2) [demonic ancestry]
 11083 | D:10     | Reached XP level 11. HP: 62/75 MP: 12/15
 11142 | D:10     | Noticed a purple ugly thing
 11179 | D:10     | Noticed a skeletal warrior
 11199 | D:10     | Identified the -2 hand axe "Geanaxt" {speed, Int+3}
 11207 | D:10     | Killed a purple ugly thing
 11217 | D:10     | Killed a skeletal warrior
 11218 | D:10     | Reached skill level 5 in Necromancy
 11494 | D:10     | Identified the amulet of Wumaipso {Acrobat rN++ Int+2 Dex-5
                  | Stlth+}
 11595 | D:10     | Noticed a centaur warrior
 11697 | D:10     | Noticed a two-headed ogre
 12609 | D:10     | Killed a two-headed ogre
 12641 | D:11     | Noticed Snorg
 12726 | D:10     | Killed a centaur warrior
 12727 | D:10     | Reached skill level 14 in Long Blades
 13143 | Lair:1   | Entered Level 1 of the Lair of Beasts
 13924 | Lair:1   | Identified the beast talisman "Zior" {rElec rPois rC- SInv}
 14004 | Lair:1   | Reached ** piety under Nemelex Xobeh
 14096 | Lair:1   | Noticed Fannar
 14097 | Lair:1   | Fannar changed into Fannar the human
 14097 | Lair:1   | Noticed Fannar
 14107 | Lair:1   | Killed Fannar the human
 14149 | Lair:1   | Reached skill level 10 in Invocations
 14240 | Lair:1   | Received a gift from Nemelex Xobeh
 14958 | Lair:2   | Found a hole to the Spider Nest.
 15182 | Lair:2   | Reached XP level 12. HP: 74/83 MP: 16/19
 15522 | Lair:2   | Noticed Erica
 15527 | Lair:2   | Killed Erica
 15528 | Lair:2   | Reached skill level 5 in Fighting
 16031 | Lair:2   | Noticed a six-headed hydra
 16043 | Lair:2   | Killed a one-headed hydra
 16044 | Lair:2   | Reached skill level 5 in Armour
 16099 | Lair:2   | Reached skill level 5 in Dodging
 16370 | Lair:2   | Received a gift from Nemelex Xobeh
 16886 | Lair:3   | Reached skill level 1 in Evocations
 17170 | Lair:3   | Reached *** piety under Nemelex Xobeh
 17221 | Lair:3   | Noticed an eight-headed hydra
 17227 | Lair:3   | Killed a five-headed hydra
 17679 | Lair:3   | Found a snail-covered altar of Cheibriados.
 17704 | Lair:3   | Gained mutation: You are faintly shadowed, very rarely
                  | releasing foul flame when damaged in melee. [demonic
                  | ancestry]
 17704 | Lair:3   | Reached XP level 13. HP: 35/96 MP: 20/20
 18313 | Lair:4   | Received a gift from Nemelex Xobeh
 19101 | Lair:4   | Found a hazy altar of Hepliaklqana.
 19288 | Lair:4   | Found a viscous altar of Jiyva.
 19289 | Lair:4   | Found a staircase to the Slime Pits.
 19407 | Lair:5   | Entered Level 5 of the Lair of Beasts
 19448 | Lair:5   | Reached **** piety under Nemelex Xobeh
 19466 | Lair:4   | Reached skill level 5 in Evocations
 20289 | Lair:5   | Identified the +0 robe "Darphac" {Str+2}
 20512 | Lair:5   | Noticed Sonja
 20513 | Lair:5   | Sonja changed into Sonja the blink frog
 20513 | Lair:5   | Noticed Sonja
 20555 | Lair:5   | Killed Sonja the blink frog
 20771 | Lair:5   | Found a transporter.
 20772 | Lair:5   | Noticed Bediveer's ghost (journeyman NaFi)
 20860 | Lair:5   | Noticed a dire elephant
 21457 | Lair:5   | Received a gift from Nemelex Xobeh
 21551 | Lair:5   | Killed a dire elephant
 21592 | Lair:5   | Found a transporter.
 21753 | Lair:5   | Noticed a dire elephant
 21773 | Lair:5   | Killed a dire elephant
 21941 | Lair:5   | Found a burning altar of Makhleb.
 21981 | Lair:5   | Gained mutation: You are shadowed, sometimes releasing foul
                  | flame when damaged in melee. [demonic ancestry]
 21981 | Lair:5   | Reached XP level 14. HP: 106/106 MP: 22/22
 22247 | Lair:5   | Found a gateway to Hell.
 22254 | Lair:5   | Identified the +0 scale mail of Ecefis {-Cast rC+ rN++
                  | Str+2}
 22659 | D:8      | Found a burning altar of Makhleb.
 22659 | D:8      | Found a broken altar of Ashenzari.
 22923 | D:8      | Received a gift from Nemelex Xobeh
 23128 | D:8      | Killed Joseph
 23565 | D:8      | Found a snail-covered altar of Cheibriados.
 23697 | Orc:1    | Entered Level 1 of the Orcish Mines
 23926 | D:9      | Identified the +1 trident of Summertime {vamp, rF++ rC+}
 24126 | Orc:1    | Killed from afar by a kobold blastminer

Illustrated notes

Levels and vault maps discovered:
D:1:      mainiacjoe_arrival_oval_in_oval, layout_loops_ring,
          chequers_ecumenical_altar_simple
D:2:      layout_loops_corners, uniq_sigmund, uniq_terence
D:3:      layout_loops_ring
D:4:      layout_cave_pods, old_standard_altar, nicolae_ossuary_entry_giza,
          uniq_robin
D:5:      layout_gridville, uniq_grinder, uniq_pikel
D:6:      layout_cave_pods, minmay_temple_entry_gardened_gates
D:7:      layout_loops_ring
D:8:      layout_layer_cave, jmf_multi_god_temple, kennysheep_mini,
          uniq_amaemon, uniq_joseph
D:9:      layout_loops_ring, vehumet_altar_wand_db, old_standard_altar,
          dpeg_oklobed_lair, david_orc_5
D:10:     hangedman_cross_stitches, layout_cross, hangedman_glass_teeth,
          minmay_diamond_spiral
D:11:     layout_irregular_city, serial_ice, serial_ice_d, serial_ice_j,
          serial_ice_n, serial_ice_e, nicolae_tricolors, uniq_urug, uniq_snorg,
          uniq_josephine
Temple:   regret_index_temple_sphere_string
Lair:1:   layout_cave_pods, grunt_forest_large_clearing_hut, uniq_fannar
Lair:2:   layout_loops_ring, nicolae_swamp_entry_splash_gauntlet,
          spider_nest_entry_a, enter_volcano_3, grunt_megastairs_2, uniq_erica
Lair:3:   layout_misc_corridors, eino_small_chamber_without_monster,
          kennysheep_snail_temple
Lair:4:   layout_concentric_octagons, slime_entry_1, basic_altar
Lair:5:   evil_forest, layout_gridlike, gammafunk_ghost_berserking_beasts,
          grunt_megastairs_5, infiniplex_staircase_pool_2, uniq_sonja
Orc:1:    layout_diamond_mine, gammafunk_ghost_arena, special_room
          [special_room_orc]

Skill      XL: |  1  2  3  4  5  6  7  8  9 10 11 12 13 14 |
---------------+-------------------------------------------+-----
Necromancy     | 1 2 4 5 6 7 |  7.0
Long Blades    | 3 4 5 6 9 11 13 14 | 14.0
Stealth        | 1 2 3 |  3.3
Hexes          | 1 2 3 4 5 6 |  6.0
Armour         | 2 3 5 |  5.5
Fighting       | 3 4 7 8 |  8.9
Invocations    | 5 10 11 12 | 12.1
Dodging        | 3 6 9 |  9.4
Evocations     | 3 5 |  5.0
Spellcasting   | |  2.0
Conjurations   | |  3.0

Action                     |  1- 3 |  4- 6 |  7- 9 | 10-12 | 13-15 || total
---------------------------+-------+-------+-------+-------+-------++-------
  Melee: Falchion          |   105 |   212 |    90 |       |       ||   407
         Unarmed           |    13 |       |    15 |       |       ||    28
         Headbutt          |     4 |    33 |    52 |   168 |   121 ||   378
         Scimitar          |       |       |   133 |   604 |   436 ||  1173
         Demon whip        |       |       |       |    43 |       ||    43
   Fire: Sling             |       |       |       |       |     3 ||     3
  Throw: Dart              |       |       |    23 |    17 |     4 ||    44
   Cast: Jinxbite          |       |       |    34 |    80 |    46 ||   160
 Invoke: Draw Summoning    |       |       |       |     3 |     5 ||     8
         Draw Destruction  |       |       |       |     5 |    11 ||    16
  Evoke: Wand              |       |       |       |     1 |     2 ||     3
         Sack of spiders   |       |       |       |       |     2 ||     2
    Use: Potion            |       |     3 |     5 |       |       ||     8
         Scroll            |       |     4 |     2 |     3 |     5 ||    14
   Stab: Confused          |     1 |       |       |       |       ||     1
         Sleeping          |       |       |     1 |     2 |     4 ||     7
         Distracted        |       |       |       |       |     4 ||     4
 Armour: Leather armour    |    51 |       |       |   294 |   178 ||   523
         Scale mail        |     5 |   128 |   130 |       |       ||   263
         Skin              |     5 |       |    14 |       |       ||    19
         Ring mail         |       |       |    65 |   150 |       ||   215
  Dodge: Dodged            |    64 |   109 |   132 |   481 |   398 ||  1184

Table legend: (Time is in decaauts)
 A = Elapsed time spent in this place.
 B = Non-inter-level travel time spent in this place.
 C = Inter-level travel time spent in this place.
 D = Time resting spent in this place.
 E = Time spent auto-exploring this place.
 F = Levels seen in this place.
 G = Mean time per level.
                   A        B        C        D        E       F      G
               +--------+--------+--------+--------+--------+-----+--------+
         Total |  23938 |  22801 |   1137 |   7060 |  11312 |  19 | 1259.9 |
       Dungeon |  14500 |  13828 |    672 |   4448 |   6847 |  11 | 1318.2 |
        Temple |     20 |      1 |     19 |      0 |      0 |   1 |   20.0 |
          Lair |   8735 |   8290 |    445 |   2244 |   4373 |   5 | 1747.0 |
  Orcish Mines |     57 |     57 |      0 |      5 |      3 |   1 |   57.0 |
       Ossuary |    624 |    624 |      0 |    363 |     89 |   1 |  624.0 |
               +--------+--------+--------+--------+--------+-----+--------+

Top non-repeatable levels by time:
     D:8: 2948 daAuts
     D:9: 2844 daAuts
  Lair:4: 2217 daAuts
  Lair:2: 2046 daAuts
  Lair:5: 2028 daAuts
     D:6: 1702 daAuts
     D:4: 1485 daAuts
    D:10: 1371 daAuts
  Lair:3: 1272 daAuts
     D:7: 1172 daAuts
  Lair:1: 1171 daAuts
     D:1: 882 daAuts
     D:3: 841 daAuts
     D:2: 809 daAuts
 Ossuary: 624 daAuts
